 Dungeon Crawl Stone Soup version 0.18-b1-16-g289874d (webtiles) character file.

102 otab the Cudgeler (level 4, -1/49 HPs)
             Began as an Ogre Berserker on May 1, 2016.
             Was a Believer of Trog.
             Slain by a goblin
             ... wielding a +0 dagger
             ... led by Robin
              (5 damage)
             ... on level 2 of the Dungeon.
             The game lasted 00:01:10 (1407 turns).

otab the Cudgeler (Ogre Berserker)                  Turns: 1407, Time: 00:01:11

Health: -1/49      AC:  3    Str: 22    XL:     4   Next: 78%
Magic:  4/4        EV: 16    Int: 11    God:    Trog [**....]
Gold:   59         SH:  0    Dex: 15    Spells: 0 memorised, 3 levels left

rFire  . . .     SeeInvis .     a - +0 mace
rCold  . . .     Gourm    .     b - +0 animal skin
rNeg   . . .     Faith    .     (no shield)
rPois  .         Spirit   .     (helmet restricted)
rElec  .         Dismiss  .     (no cloak)
rCorr  .         Reflect  .     (gloves unavailable)
SustAt .         Harm     .     (boots unavailable)
MR     .....                    (no amulet)
Stlth  ++........               (no ring)
                                (no ring)

@: brilliant, agile, not resistant to hostile enchantments, unstealthy
A: unfitting armour, tough skin 1
a: Berserk, Trog's Hand, Burn Spellbooks, Renounce Religion


You were on level 2 of the Dungeon.
You worshipped Trog.
Trog was pleased with you.
You were near starving.

You visited 1 branch of the dungeon, and saw 2 of its levels.

You collected 59 gold pieces.

Inventory:

Hand Weapons
 a - a +0 mace (weapon)
Armour
 b - a +0 animal skin (worn)
Jewellery
 l - an uncursed ring of sustain attributes {unknown}
Scrolls
 e - a scroll of fear {unknown}
 f - a scroll of identify {unknown}
 k - a scroll of remove curse {unknown}
Potions
 i - a potion of brilliance
Comestibles
 c - a bread ration
 d - a beef jerky
 h - a meat ration
 j - 5 fruits


   Skills:
 + Level 4.5 Fighting
 * Level 6.0 Maces & Flails
 + Level 3.4 Dodging


You had 3 spell levels left.
You didn't know any spells.

Dungeon Overview and Level Annotations

Branches:
Dungeon (2/15)

Altars:
Kikubaaqudgha


Innate Abilities, Weirdness & Mutations

You are too large for most types of armour.
You have tough skin (AC +1).


Message History

* * * LOW HITPOINT WARNING * * *
You sock Robin!
Robin is heavily wounded.
The goblin barely misses you. Robin hits you with a spear.
* * * LOW HITPOINT WARNING * * *
You thump Robin!
You kill Robin!
Trog accepts your kill.
Your Maces & Flails skill increases to level 6!
The goblin hits you but does no damage.
You hit the goblin.
The goblin is heavily wounded.
The goblin no longer looks unusually strong.
The goblin closely misses you. The goblin misses you.
You hit the goblin but do no damage.
The goblin is heavily wounded.
The goblin hits you with a club.
* * * LOW HITPOINT WARNING * * *
The goblin hits you with a dagger.
You die...

........#..<#.# ##
........^.###.# #
..............# #
#...###.#######
........#....#
###.###.#.##.#
#.......##.#
.########...)...)..#####
......g@g...............
#########..........###..
#...............
#..(.####...#### #....#
#...(##. ###### #..⌠...)
#....... #...≈≈≈≈
#.[≈≈≈≈.


You could see 2 goblins.

Vanquished Creatures
  Robin (D:2)
  3 adders (D:2)
  5 oozes
  A worm (D:2)
  A dart slug (D:2)
  3 giant geckos
  A giant cockroach (D:2)
  5 goblins
  A hobgoblin (D:2)
  2 ball pythons
  5 bats (D:1)
  3 giant newts
  4 kobolds
  8 rats
43 creatures vanquished.

Notes
Turn   | Place    | Note
--------------------------------------------------------------
     0 | D:1      | otab the Ogre Berserker began the quest for the Orb.
     0 | D:1      | Reached XP level 1. HP: 24/24 MP: 1/1
    66 | D:1      | Reached XP level 2. HP: 28/32 MP: 2/2
   259 | D:1      | Reached XP level 3. HP: 39/39 MP: 3/3
   288 | D:1      | Reached skill level 5 in Maces & Flails
   350 | D:1      | Reached ** piety under Trog
   915 | D:2      | Found an ancient bone altar of Kikubaaqudgha.
   942 | D:2      | Reached XP level 4. HP: 12/49 MP: 4/4
  1386 | D:2      | Noticed Robin
  1405 | D:2      | Killed Robin
  1405 | D:2      | Reached skill level 6 in Maces & Flails
  1407 | D:2      | Slain by a goblin

Skill      XL: |  1  2  3  4 |
---------------+-------------+-----
Maces & Flails | 5 6 |  6.0
Dodging        | 3 |  3.4
Fighting       | |  4.5

Action                   |  1- 3 |  4- 6 || total
-------------------------+-------+-------++-------
Melee: Mace              |    77 |    54 ||   131
  Use: Potion            |       |     2 ||     2
 Stab: Sleeping          |     2 |       ||     2
Armor: Animal skin       |    25 |    12 ||    37
Dodge: Dodged            |    44 |    38 ||    82
